 Dungeon Crawl Stone Soup version 0.22.1-1-ga44c0e56f4 (webtiles) character file.

366 Jannitor the Ruffian (level 6, -5/52 HPs)
             Began as a Hill Orc Transmuter on Oct 30, 2018.
             Slain by Menkaure (14 damage)
             ... on level 4 of the Dungeon.
             The game lasted 00:06:54 (4344 turns).

Jannitor the Ruffian (Hill Orc Transmuter)          Turns: 4344, Time: 00:06:55

Health: -5/52      AC:  5    Str: 13    XL:     6   Next: 68%
Magic:  7/8        EV: 12    Int: 15    God:
Gold:   3          SH:  0    Dex: 11    Spells: 5/8 levels left

rFire    . . .     SeeInvis .     - Unarmed
rCold    . . .     Gourm    .   (no shield)
rNeg     . . .     Faith    .   b - +0 robe
rPois    .         Spirit   .   (no helmet)
rElec    .         Reflect  .   l - +1 cloak {MR+}
rCorr    .         Harm     .   e - +0 pair of gloves
MR       +....                  (boots currently unavailable)
Stlth    +.........             j - amulet of rage (curse)
HPRegen  0.17/turn              (no ring)
MPRegen  0.11/turn              (no ring)

@: appendage (expiring)
A: talons 3
a: End Transformation, Evoke Berserk Rage


You were on level 4 of the Dungeon.
You were not hungry.
You had grown temporary talons.
You visited 1 branch of the dungeon, and saw 4 of its levels.

You collected 129 gold pieces.
You spent 126 gold pieces at shops.

Inventory:

Missiles
 a - 92 arrows
Armour
 b - a +0 robe (worn)
 e - a +0 pair of gloves (worn)
 l - a +1 cloak of magic resistance (worn)
Jewellery
 j - a cursed amulet of rage (around neck)
 m - an uncursed amulet of harm {unknown}
Wands
 n - a wand of random effects (11)
 v - a wand of polymorph (15)
Scrolls
 c - a scroll of random uselessness {unknown}
 f - a scroll of immolation {unknown}
 h - 3 scrolls of remove curse {unknown}
 i - 2 scrolls of teleportation {unknown}
 k - a scroll of enchant weapon {unknown}
 q - a scroll of amnesia {unknown}
 r - a scroll of noise {unknown}
 s - 5 scrolls of identify
 t - a scroll of blinking
 u - a scroll of fog
Potions
 p - a potion of mutation {unknown}
 w - a potion of brilliance {unknown}
Comestibles
 d - 5 rations
 o - a chunk of flesh


   Skills:
 + Level 3.9 Fighting
 - Level 1.6 Dodging
 * Level 6.1 Unarmed Combat
 - Level 1.6 Spellcasting
 + Level 2.7 Transmutations


You had 5 spell levels left.
You knew the following spells:

 Your Spells              Type           Power        Failure   Level  Hunger
a - Beastly Appendage     Tmut           #.....       8%          1    ##.....
b - Sticks to Snakes      Tmut           #.......     11%         2    ###....

Your spell library contained the following spells:

 Spells                   Type           Power        Failure   Level  Hunger
 Spider Form              Tmut/Pois      #.........   36%         3    ####...
 Ice Form                 Ice/Tmut       #.......     78%         4    #####..
 Blade Hands              Tmut           #.........   90%         5    ######.


Dungeon Overview and Level Annotations

Branches:
Dungeon (4/15)
 Temple: D:4-7

Altars:
Uskayaw

Shops:
D:4 *(?

Annotations:
D:4 Menkaure


Innate Abilities, Weirdness & Mutations

You have claws for feet.


Message History

The iceblast engulfs the scorpion.
You kill the scorpion!
Unknown command.
Evoke which item? (* to show all) (? for menu, Esc to quit)
Aiming: Corrosive Bolt
Press: ? - help, Shift-Dir - straight line, f/p - Menkaure
Aim: Menkaure (moderately damaged, fast)
The bolt of acid hits Menkaure.
Menkaure is splashed with acid.
The acid corrodes Menkaure!
Menkaure is severely damaged.
The now-empty wand crumbles to dust.
Menkaure barely misses you.
Unknown command.
Evoke which item? (* to show all) (? for menu, Esc to quit)
Aiming: Random Effects
Press: ? - help, Shift-Dir - straight line, f/p - Menkaure
Aim: Menkaure (severely damaged, fast, covered in acid)
The bolt of poison misses Menkaure.
Your transformation is almost over.
Menkaure hits you!
You die...

############ #################
...........# #............#...
...........# #............+...
...........# #.........)..#...
......(....# ##......##...##..
...........# #......##...##..
....####...#######.......#...M...
....####...##...##o......#......†
......#.........@M.......#.......
......#.........##......##...##..
......#.........#######+##...##..
......#..≈≈≈....#.......#....##..
......#.≈≈≈≈≈...#.......'.....#..
......#.≈≈∩≈≈...##......#.....#..
....####≈≈.≈≈##+##......##...##..
##### ##≈.≈#. #########...#
#....#


You could see Menkaure and an orc.

Vanquished Creatures
  A scorpion (D:4)
  A killer bee (D:3)
  A howler monkey (D:4)
  A hound (D:2)
  A worker ant (D:4)
  8 adders
  3 oozes
  11 dart slugs
  3 leopard geckos
  6 orcs
  A ball python (D:1)
  10 bats
  2 giant cockroaches
  11 goblins
  13 hobgoblins
  6 jackals
  4 frilled lizards
  7 kobolds
  A leopard gecko skeleton (D:4)
  8 rats
99 creatures vanquished.

Notes
Turn   | Place    | Note
-------+----------+-------------------------------------------
     0 | D:1      | Jannitor the Hill Orc Transmuter began the quest for the
                  | Orb.
     0 | D:1      | Reached XP level 1. HP: 16/16 MP: 3/3
    92 | D:1      | Reached XP level 2. HP: 6/23 MP: 2/4
   670 | D:1      | Reached XP level 3. HP: 19/29 MP: 5/5
   947 | D:1      | Reached skill level 4 in Unarmed Combat
  1147 | D:2      | Reached XP level 4. HP: 20/37 MP: 6/6
  2298 | D:3      | Reached XP level 5. HP: 44/44 MP: 7/7
  2425 | D:3      | Reached skill level 5 in Unarmed Combat
  2692 | D:3      | Learned a level 2 spell: Sticks to Snakes
  2949 | D:3      | Found a hide-covered altar of Uskayaw.
  3492 | D:3      | Found a runed door.
  3942 | D:3      | Noticed Crazy Yiuf
  3944 | D:3      | Noticed Crazy Yiuf
  3944 | D:3      | Crazy Yiuf changed into Crazy Yiuf the killer bee
  3951 | D:3      | Killed Crazy Yiuf the killer bee
  3951 | D:3      | Reached XP level 6. HP: 29/51 MP: 6/8
  4234 | D:4      | Found Puohiutu's Assorted Antiques.
  4272 | D:4      | Found Nieval's Antique Weapon Shoppe.
  4282 | D:4      | Found Feogug's Magic Scroll Boutique.
  4287 | D:4      | Bought a scroll of identify for 22 gold pieces
  4287 | D:4      | Bought a scroll of blinking for 82 gold pieces
  4287 | D:4      | Bought a scroll of fog for 22 gold pieces
  4312 | D:4      | Noticed Menkaure
  4342 | D:4      | Reached skill level 6 in Unarmed Combat
  4344 | D:4      | Slain by Menkaure

Skill      XL: |  1  2  3  4  5  6 |
---------------+-------------------+-----
Fighting       | 2 3 |  3.9
Unarmed Combat | 4 5 6 |  6.1
Transmutations | 2 |  2.7
Dodging        | |  1.6
Spellcasting   | |  1.6

Action                   |  1- 3 |  4- 6 || total
-------------------------+-------+-------++-------
Melee: Unarmed           |   125 |   248 ||   373
       Headbutt          |     3 |     6 ||     9
       Kick              |     6 |     6 ||    12
       Punch             |     1 |     4 ||     5
 Cast: Beastly Appendage |     8 |    15 ||    23
Evoke: Wand              |       |     9 ||     9
  Use: Potion            |       |     6 ||     6
 Stab: Sleeping          |       |     2 ||     2
  Eat: Chunk             |     1 |    11 ||    12
Armor: Robe              |    30 |    47 ||    77
Dodge: Dodged            |    81 |   157 ||   238
